 Dungeon Crawl Stone Soup version 0.25.1-2-g60ff931df9 (webtiles) character file.

Game seed: 14508762217488903403

5446 Qrupt the Fighter (level 10, -3/130 HPs)
             Began as a Demonspawn Gladiator on Oct 13, 2020.
             Was a Priest of Nemelex Xobeh.
             Slain by a large abomination (15 damage)
             ... led by an Executioner
             ... on level 1 of the Abyss.
             The game lasted 00:17:53 (9245 turns).

Qrupt the Fighter (Demonspawn Gladiator)            Turns: 9245, Time: 00:17:53

Health: -3/130     AC: 25    Str: 24    XL:     10   Next: 41%
Magic:  10/10      EV:  2    Int: 10    God:    Nemelex Xobeh [***...]
Gold:   383        SH:  0    Dex: 20    Spells: 9/9 levels left

rFire    . . .     SeeInvis .   a - +0 flail
rCold    . . .     Gourm    .   (no shield)
rNeg     + + +     Faith    .   (armour currently unavailable)
rPois    +         Spirit   .   (helmet currently unavailable)
rElec    .         Reflect  .   (cloak currently unavailable)
rCorr    .         Harm     .   (gloves currently unavailable)
MR       .....     NoTele   +   (boots currently unavailable)
Stlth    ++........             (no amulet)
HPRegen  0.31/turn              j - +6 ring of dexterity
MPRegen  0.12/turn              r - +6 ring of strength

@: mighty, agile, tree-form (expiring)
A: powered by pain 1
a: Draw Escape, Draw Destruction, Draw Summoning, Triple Draw, Renounce Religion


You were on level 1 of the Abyss.
You worshipped Nemelex Xobeh.
Nemelex Xobeh was most pleased with you.
You were hungry.
You were a tree.
You visited 1 branch of the dungeon, and saw 8 of its levels.
You visited the Abyss 1 time.
You also visited: Ossuary.

You collected 383 gold pieces.

Inventory:

Hand Weapons
 a - a +0 flail (weapon)
 B - a +1 long sword of draining
Missiles
 e - 4 curare-tipped darts
 x - 4 throwing nets (quivered)
Armour
 b - a +0 leather armour (melded)
 d - the +3 hat of Pondering {ponderous, MR+ MP+10 Int+5}
   (You found it on level 8 of the Dungeon)

   It affects your intelligence (+5).
   It affects your resistance to hostile enchantments.
   It affects your magic capacity (+10).
 g - a +0 pair of gloves (melded)
 H - a +1 cloak (melded)
 M - a +2 pair of boots (melded)
Jewellery
 j - a +6 ring of dexterity (left branch)
 m - an uncursed ring of ice
 r - a +6 ring of strength (right branch)
Wands
 c - a wand of iceblast (13)
 s - a wand of enslavement (9)
Scrolls
 l - a scroll of fear
 o - 6 scrolls of amnesia
 p - 2 scrolls of magic mapping
 q - 5 scrolls of remove curse
 t - 3 scrolls of teleportation
 v - a scroll of random uselessness {unknown}
 y - 2 scrolls of enchant armour
 C - a scroll of silence {unknown}
 J - a scroll of noise {unknown}
 K - a scroll of enchant weapon {unknown}
Potions
 h - 2 potions of resistance
 i - 6 potions of flight
 k - 2 potions of magic
 n - 2 potions of lignification
 u - 4 potions of curing
 w - 2 potions of might
 z - a potion of degeneration
 A - a potion of cancellation {unknown}
 D - a potion of ambrosia {unknown}
 E - a potion of invisibility {unknown}
 F - a potion of haste {unknown}
 G - a potion of berserk rage {unknown}
 I - a potion of stabbing {unknown}
Comestibles
 f - 11 rations


   Skills:
 + Level 11.1 Fighting
 + Level 10.4 Maces & Flails
 - Level 1.7 Throwing
 - Level 2.6 Dodging


You had 9 spell levels left.
You didn't know any spells.
Your spell library contained the following spells:

 Spells                   Type           Power        Failure   Level  Hunger
 Animate Skeleton         Necr           N/A          36%         1    ##.....
 Apportation              Tloc           #.....       36%         1    ##.....
 Corona                   Hex            #......      36%         1    ##.....
 Magic Dart               Conj           #...         36%         1    ##.....
 Summon Small Mammal      Summ           #...         36%         1    ##.....
 Blink                    Tloc           N/A          50%         2    ###....
 Call Imp                 Summ           #.......     50%         2    ###....
 Slow                     Hex            #.......     50%         2    ###....
 Call Canine Familiar     Summ           #.......     75%         3    ####...
 Conjure Flame            Conj/Fire      #.......     75%         3    ####...
 Mephitic Cloud           Conj/Pois/Air  #.......     75%         3    ####...
 Summon Guardian Golem    Hex/Summ       #.......     75%         3    ####...
 Summon Ice Beast         Ice/Summ       #.......     98%         4    #####..
 Summon Lightning Spire   Summ/Air       #.......     98%         4    #####..


Dungeon Overview and Level Annotations

Branches:
Dungeon (8/15)             Temple (0/1) D:5         Ossuary (visited)
   Lair: D:8-11

Altars:
Nemelex Xobeh
Okawaru
Sif Muna
Vehumet

Annotations:
D:8 Psyche


Innate Abilities, Weirdness & Mutations

((You have a pair of horns on your head.))
((You are completely covered in molten scales. (AC +4, rF+)))
You sometimes gain a little power by taking damage.


Message History

The Executioner hits you! The Executioner hits you.
The Executioner completely misses you. The large abomination hits you!
* * * LOW HITPOINT WARNING * * *
The large abomination hits you but does no damage.
The Executioner hits you.
* * * LOW HITPOINT WARNING * * *
The Executioner completely misses you.
The Executioner hits you but does no damage.
You feel yourself speed up. The Executioner hits you!
* * * LOW HITPOINT WARNING * * *
The Executioner hits you.
* * * LOW HITPOINT WARNING * * *
The Executioner hits you but does no damage. x4
The Executioner hits you!
* * * LOW HITPOINT WARNING * * *
The Executioner hits you but does no damage. x2
The large abomination hits you!
You die...
Your body disappears without a glow.

.... .. ....##.
.##..#.
..#....##
......#####
##........##.
..#....X.......
#......♣1...#
.###....X...#
#....#......
#....#...#..
....... .....
..#.#..# .....
......#.. ...#
......#.# .#..


You could see an Executioner (fast) and 2 large abominations.

Vanquished Creatures
  Harold (D:8)
  Menkaure (D:7)
  A water moccasin (D:6)
  An orc warrior (D:8)
  A sky beast (D:6)
  An ice beast (D:5)
  3 ogres
  A necrophage (D:6)
  2 phantoms
  3 centaurs
  A gnoll sergeant (D:8)
  A bullfrog (D:7)
  3 water moccasin zombies (Ossuary)
  2 scorpions
  A water moccasin skeleton (D:8)
  A howler monkey (D:8)
  2 crimson imps
  A bullfrog zombie (D:6)
  4 hounds
  2 centaur skeletons (D:5)
  4 orc priests
  3 bullfrog skeletons
  3 iguanas
  2 worker ants (D:5)
  3 big kobold zombies (Ossuary)
  A hound zombie (D:7)
  2 mummies (Ossuary)
  A worker ant zombie (D:5)
  6 gnolls
  6 adders
  4 oozes
  2 adder zombies (Ossuary)
  An adder skeleton (D:4)
  2 worms
  2 dart slugs (D:2)
  A leopard gecko (D:1)
  10 orcs
  A ball python (D:2)
  8 bats
  3 giant cockroaches
  2 gnoll zombies (Ossuary)
  11 goblins
  9 hobgoblins
  12 jackals
  A quokka (D:2)
  5 frilled lizards
  4 hobgoblin zombies (Ossuary)
  2 jackal skeletons (D:4)
  7 kobolds
  3 kobold zombies (Ossuary)
  7 orc zombies (Ossuary)
  8 rats
169 creatures vanquished.

Vanquished Creatures (collateral kills)
  An orc warrior (D:6)
  A scorpion (D:4)
  An orc wizard (D:4)
  A gnoll (D:4)
  4 orcs
8 creatures vanquished.

Vanquished Creatures (others)
  A caustic shrike (D:7)
1 creature vanquished.

Grand Total: 178 creatures vanquished

Notes
Turn   | Place    | Note
-------+----------+-------------------------------------------
     0 | D:1      | Qrupt the Demonspawn Gladiator began the quest for the Orb.
     0 | D:1      | Reached XP level 1. HP: 16/16 MP: 1/1
   202 | D:1      | Gained mutation: You have a pair of small horns on your
                  | head. [demonic ancestry]
   202 | D:1      | Reached XP level 2. HP: 23/23 MP: 2/2
   430 | D:1      | Found a sparkling altar of Nemelex Xobeh.
   434 | D:1      | Became a worshipper of Nemelex Xobeh the Trickster
   498 | D:1      | Received a gift from Nemelex Xobeh
  1261 | D:2      | Reached XP level 3. HP: 8/28 MP: 3/3
  1261 | D:2      | HP: 1/28 [worm (7)]
  1591 | D:2      | Reached skill level 3 in Fighting
  1913 | D:2      | Reached XP level 4. HP: 35/35 MP: 4/4
  2173 | D:2      | Reached * piety under Nemelex Xobeh
  2398 | D:3      | Received a gift from Nemelex Xobeh
  2841 | D:3      | Found a radiant altar of Vehumet.
  3252 | D:4      | Reached skill level 4 in Fighting
  3252 | D:4      | Gained mutation: You sometimes gain a little power by
                  | taking damage. [demonic ancestry]
  3252 | D:4      | Reached XP level 5. HP: 42/42 MP: 5/5
  3456 | D:4      | Found an iron altar of Okawaru.
  3555 | D:4      | Gained mutation: You are partially covered in molten
                  | scales. (AC +2) [demonic ancestry]
  3555 | D:4      | Reached XP level 6. HP: 42/49 MP: 6/6
  3761 | D:5      | Entered Level 5 of the Dungeon
  3836 | D:5      | Found a sand-covered staircase.
  3841 | Ossuary  | Entered an ossuary
  3851 | Ossuary  | Received a gift from Nemelex Xobeh
  3972 | Ossuary  | Reached skill level 5 in Fighting
  3972 | Ossuary  | Reached skill level 5 in Maces & Flails
  4075 | Ossuary  | Gained mutation: You have a pair of horns on your head.
                  | [demonic ancestry]
  4075 | Ossuary  | Reached XP level 7. HP: 55/56 MP: 7/7
  4235 | D:5      | Reached ** piety under Nemelex Xobeh
  4277 | D:5      | Reached skill level 6 in Fighting
  4421 | D:5      | Found a staircase to the Ecumenical Temple.
  5390 | D:6      | Gained mutation: You are mostly covered in molten scales.
                  | (AC +3) [demonic ancestry]
  5390 | D:6      | Reached XP level 8. HP: 44/65 MP: 8/8
  5507 | D:6      | Reached skill level 7 in Fighting
  5731 | D:6      | HP: 1/67 [orc priest/nerve-wracking pain (12)]
  6152 | D:6      | Reached skill level 8 in Fighting
  6334 | D:6      | Received a gift from Nemelex Xobeh
  6776 | D:7      | Noticed Menkaure
  6782 | D:7      | Killed Menkaure
  7106 | D:7      | Gained mutation: You are completely covered in molten
                  | scales. (AC +4, rF+) [demonic ancestry]
  7106 | D:7      | Reached XP level 9. HP: 65/75 MP: 9/9
  7414 | D:7      | Reached *** piety under Nemelex Xobeh
  7690 | D:8      | Noticed Gastronok
  7693 | D:8      | Noticed Gastronok
  7693 | D:8      | Gastronok changed into Gastronok the caustic shrike
  7700 | D:7      | Banished Gastronok the caustic shrike
  7700 | D:7      | Reached skill level 10 in Fighting
  7700 | D:7      | Reached XP level 10. HP: 37/86 MP: 10/10
  8062 | D:7      | Reached skill level 10 in Maces & Flails
  8471 | D:8      | Noticed Harold
  8891 | D:8      | Killed Harold
  8891 | D:8      | Reached skill level 11 in Fighting
  9104 | D:8      | Found a shimmering blue altar of Sif Muna.
  9197 | D:8      | Noticed Psyche
  9232 | D:8      | Cast into level 1 of the Abyss (Psyche)
  9241 | Abyss:1  | Noticed an Executioner
  9245 | Abyss:1  | Slain by a large abomination

Illustrated notes

Levels and vault maps discovered:
D:1:      eino_arrival_cavern_e, layout_loops_ring, corexii_corridor_pit,
          nemelex_diamond_rough_becter
D:2:      layout_loops_cross, first_ration
D:3:      layout_basic, lemuel_statue_altar
D:4:      layout_rooms, okawaru_metal_pillars_1_2
D:5:      layout_cave_pods, minmay_temple_entry_hall,
          lightli_ossuary_entry_decrepit_ruins
D:6:      layout_loops_ring, grunt_ministairs_12, minmay_misc_feat_more_columns
D:7:      minmay_spotlight, layout_basic, uniq_menkaure
D:8:      layout_basic, lemuel_coloured_pillars_altar, erik_lair_dragon,
          uniq_gastronok, uniq_harold, uniq_psyche
Abyss:1:  base: D:7, evilmike_abyss_exit_15

Skill      XL: |  1  2  3  4  5  6  7  8  9 10 |
---------------+-------------------------------+-----
Maces & Flails | 3 4 5 6 8 9 10 | 10.4
Fighting       | 3 4 5 6 8 10 11 | 11.1
Throwing       | |  1.7
Dodging        | |  2.6

Action                   |  1- 3 |  4- 6 |  7- 9 | 10-12 || total
-------------------------+-------+-------+-------+-------++-------
Melee: Flail             |   111 |   147 |   197 |    90 ||   545
       Headbutt          |    18 |    43 |    63 |    30 ||   154
Throw: Throwing net      |       |       |       |     3 ||     3
       Dart              |       |       |       |     1 ||     1
Invok: Draw Destruction  |     1 |       |     4 |     1 ||     6
       Draw Summoning    |       |     1 |     1 |       ||     2
       Draw Escape       |       |       |       |     1 ||     1
Evoke: Wand              |       |       |     5 |       ||     5
  Use: Scroll            |       |       |    13 |       ||    13
       Potion            |       |       |     7 |     2 ||     9
 Stab: Sleeping          |     1 |     1 |     1 |       ||     3
       Distracted        |       |     1 |       |     1 ||     2
       Held in net/web   |       |       |       |     1 ||     1
  Eat: Chunk             |     3 |     7 |    12 |     4 ||    26
Armor: Leather armour    |    34 |    36 |    55 |    30 ||   155
       Skin              |       |       |       |    57 ||    57
Dodge: Dodged            |    93 |    82 |   135 |    31 ||   341
